 Dungeon Crawl Stone Soup version 0.25-a0-565-g8875c97ebb (webtiles) character file.

Game seed: 6143225588731727802, levelgen mode: deterministic

7 Flugslaktarn the Covered (level 1, -1/20 HPs)
             Began as a Deep Dwarf Fighter on Feb 26, 2020.
             Slain by Grinder (4 damage)
             ... while paralysed by Grinder
             ... on level 3 of the Dungeon.
             The game lasted 00:00:11 (138 turns).

Flugslaktarn the Covered (Deep Dwarf Fighter)        Turns: 138, Time: 00:00:12

Health: -1/20      AC:  6    Str: 19    XL:     1   Next: 91%
Magic:  1/1        EV:  2    Int:  8    God:
Gold:   20         SH:  0    Dex: 12    Spells: 0/0 levels left

rFire    . . .     SeeInvis .   a - +0 war axe
rCold    . . .     Gourm    .   c - +0 kite shield
rNeg     . . .     Faith    .   b - +0 scale mail
rPois    .         Spirit   .   (no helmet)
rElec    .         Reflect  .   (no cloak)
rCorr    .         Harm     .   (no gloves)
MR       .....                  (no boots)
Stlth    ..........             (no amulet)
HPRegen  0.00/turn              (no ring)
MPRegen  0.07/turn              (no ring)

@: paralysed, non-regenerating
A: damage resistance, heal wounds, sense surroundings 1, no regeneration
a: Heal Wounds


You were on level 3 of the Dungeon.
You were not hungry.

You visited 1 branch of the dungeon, and saw 3 of its levels.

You collected 20 gold pieces.

Inventory:

Hand Weapons
 a - a +0 war axe (weapon)
Armour
 b - a +0 scale mail (worn)
 c - a +0 kite shield (worn)
Scrolls
 f - a scroll of identify {unknown}
 i - a scroll of fog {unknown}
Potions
 d - a potion of might
 h - 2 potions of heal wounds {unknown}
Comestibles
 e - 2 rations
 g - a chunk of flesh


   Skills:
 * Level 2.9 Fighting
 * Level 2.5 Axes
 + Level 3.4 Armour
 - Level 3.3 Shields


You couldn't memorise any spells.
You didn't know any spells.
Your spell library was empty.

Dungeon Overview and Level Annotations

Branches:
Dungeon (3/15)

Altars:

Annotations:
D:3 Grinder


Innate Abilities, Weirdness & Mutations

You are resistant to damage.
You can heal yourself by infusing magical energy.
You passively map a small area around you.
You do not regenerate.


Message History

You can move again.
Your shield and scale mail prevent you from hitting Grinder.
You hit the adder. You block the adder's attack. Grinder hits you.
You writhe in agony.
The adder bites you but does no damage.
You barely miss the adder.
The adder is severely wounded.
You hit Grinder. You block the adder's attack.
Grinder says, "Don't move a muscle."
Grinder gestures at you.
You suddenly lose the ability to move!
The adder bites you.
Grinder grins, showing sharp teeth.
Grinder hits you.
You writhe in agony.
* * * LOW HITPOINT WARNING * * *
The adder barely misses you. Grinder gestures at you.
You barely resist. The adder completely misses you.
The adder bites you but does no damage. Grinder hits you.
* * * LOW HITPOINT WARNING * * *
You writhe in agony.
You die...

, , .. * .##* *
##### ,..#
...... * #.. ,
...... #..
#..... * *
###..##...## * *
##...)5.....## *
#.....@S.....#
........†......#
#..............#
#..............#
*
#.........?.!..#
,
####...........#
, ,##......>..##
, ##.......## ,


You could see Grinder and an adder.

Vanquished Creatures
  A leopard gecko (D:1)
  2 bats
  A giant cockroach (D:1)
  A goblin (D:3)
  A rat (D:1)
6 creatures vanquished.

Notes
Turn   | Place    | Note
-------+----------+-------------------------------------------
     0 | D:1      | Flugslaktarn the Deep Dwarf Fighter began the quest for the
                  | Orb.
     0 | D:1      | Reached XP level 1. HP: 20/20 MP: 1/1
   124 | D:3      | Noticed Grinder
   131 | D:3      | Paralysed by Grinder for 3 turns
   135 | D:3      | Paralysed by Grinder for 4 turns
   138 | D:3      | Slain by Grinder

Levels and vault maps discovered:
D:1:      dpeg_arrival_water_temple_mockup, layout_basic, minmay_misc_feat_room,
          columned_hall_lemuel, serial_bayou_pond_d, minmay_heptomino_d4
D:2:      layout_basic, st_stairs_8, grunt_ministairs_4
D:3:      layout_rooms, lemuel_round_altar, uniq_grinder

Action                   || total
-------------------------++-------
Melee: War axe           ||    17
Armor: Scale mail        ||     7
Dodge: Dodged            ||     8
Block: Kite shield       ||    13

Table legend:
 A = Non-vault XP
 B = Vault XP
 C = Vault XP percentage of total XP
 D = Non-vault monster count
 E = Vault monster count
 F = Vault count percentage of total count
                 A         B        C        D         E       F
            +---------+---------+-------+---------+---------+-------
      Total |      11 |       0 |   0.0 |       6 |       0 |   0.0
            +---------+---------+-------+---------+---------+-------
        D:1 |       6 |       0 |   0.0 |       3 |       0 |   0.0
        D:2 |       2 |       0 |   0.0 |       1 |       0 |   0.0
        D:3 |       3 |       0 |   0.0 |       2 |       0 |   0.0
            +---------+---------+-------+---------+---------+-------
